 Dungeon Crawl Stone Soup version 0.23.0 (webtiles) character file.

Game seed: 6022569678395415617

149 dengdeng the Slasher (level 5, 0/47 HPs)
             Began as a Minotaur Berserker on Feb 16, 2019.
             Was a Believer of Trog.
             Slain by a small abomination (17 damage)
             ... on level 1 of the Abyss on Feb 17, 2019.
             The game lasted 00:05:19 (1416 turns).

dengdeng the Slasher (Minotaur Berserker)           Turns: 1416, Time: 00:05:20

Health: 0/47       AC:  9    Str: 22    XL:     5   Next: 9%
Magic:  4/4        EV:  8    Int:  4    God:    Trog [**....]
Gold:   160        SH:  3    Dex: 10    Spells: 4/4 levels left

rFire    . . .     SeeInvis .   a - +0 falchion
rCold    . . .     Gourm    .   e - +0 buckler
rNeg     . . .     Faith    .   d - +0 chain mail (curse)
rPois    .         Spirit   .   (helmet restricted)
rElec    .         Reflect  .   (no cloak)
rCorr    .         Harm     .   (no gloves)
MR       .....                  (no boots)
Stlth    ..........             (no amulet)
HPRegen  0.15/turn              (no ring)
MPRegen  0.09/turn              (no ring)

@: no status effects
A: retaliatory headbutt, horns 2
a: Berserk, Trog's Hand, Renounce Religion


You were on level 1 of the Abyss.
You worshipped Trog.
Trog was pleased with you.
You were not hungry.

You visited 1 branch of the dungeon, and saw 2 of its levels.
You visited the Abyss 1 time.

You collected 160 gold pieces.

Inventory:

Hand Weapons
 a - a +0 falchion (weapon)
Armour
 d - a cursed +0 chain mail (worn)
 e - a +0 buckler (worn)
Wands
 l - a wand of polymorph (11)
Scrolls
 g - a scroll of amnesia {unknown}
 i - a scroll of fog {unknown}
 j - 3 scrolls of identify {unknown}
Potions
 b - a potion of degeneration {unknown}
 h - 2 potions of berserk rage {unknown}
 k - 2 potions of lignification {unknown}
 m - a potion of heal wounds {unknown}
 n - a potion of might {unknown}
Comestibles
 c - 10 rations


   Skills:
 + Level 4.4 Fighting
 * Level 5.4 Long Blades
 * Level 3.8 Armour
 + Level 2.8 Dodging


You had 4 spell levels left.
You didn't know any spells.
Your spell library was empty.

Dungeon Overview and Level Annotations

Branches:
Dungeon (2/15)

Altars:

Annotations:
D:2 Crazy Yiuf


Innate Abilities, Weirdness & Mutations

You reflexively headbutt those who attack you in melee.
You have a pair of horns on your head.


Message History

The small abomination hits you but does no damage.
You hit the small abomination but do no damage.
You headbutt the small abomination, but do no damage.
The small abomination is moderately damaged.
You block the small abomination's attack.
Your chain mail prevents you from hitting the small abomination.
The small abomination is moderately damaged.
You hit the small abomination. You headbutt the small abomination.
The small abomination is heavily damaged.
The small abomination barely misses you.
You closely miss the small abomination.
The small abomination is heavily damaged.
The small abomination hits you!
You hit the small abomination.
The small abomination is severely damaged.
The small abomination hits you!
You hit the small abomination.
The small abomination is almost destroyed.
The small abomination hits you!
You die...

#... #. #. # ... .
# ....#...#... # #
.##.##.... .#
..##. ##.#.# . .#
.##....#. .# #
#.#.. ........#
##### # .. ......
#..# .
#..#....#x.####.#
. .#.....##@.....#
##.#........#....#
###.....#.#.. .#.
#.#...####...##
#.##### .#.# .. .#
.. . # .


You could see a small abomination.

Vanquished Creatures
  Jessica (D:2)
  Natasha (D:2)
  An adder (D:2)
  4 gnolls (D:2)
  An ooze (D:2)
  A worm (D:2)
  2 dart slugs (D:1)
  3 leopard geckos
  2 giant cockroaches (D:1)
  4 goblins
  4 hobgoblins
  3 jackals (D:1)
  3 kobolds
  2 ball pythons (D:2)
  6 bats
  2 frilled lizards (D:1)
40 creatures vanquished.

Notes
Turn   | Place    | Note
-------+----------+-------------------------------------------
     0 | D:1      | dengdeng the Minotaur Berserker began the quest for the
                  | Orb.
     0 | D:1      | Reached XP level 1. HP: 19/19 MP: 0/0
    76 | D:1      | Reached skill level 4 in Long Blades
   108 | D:1      | Reached XP level 2. HP: 27/27 MP: 1/1
   479 | D:1      | Reached XP level 3. HP: 33/33 MP: 2/2
   711 | D:2      | Reached XP level 4. HP: 35/41 MP: 3/3
   827 | D:2      | Noticed Jessica
   833 | D:2      | Killed Jessica
   833 | D:2      | Reached skill level 5 in Long Blades
   845 | D:2      | Reached ** piety under Trog
  1117 | D:2      | Noticed Natasha
  1127 | D:2      | Killed Natasha
  1127 | D:2      | Reached XP level 5. HP: 24/47 MP: 4/4
  1364 | D:2      | Found a runed translucent door.
  1365 | D:2      | Noticed Crazy Yiuf
  1370 | D:2      | Cast into level 1 of the Abyss (Crazy Yiuf)
  1416 | Abyss:1  | Slain by a small abomination

Skill      XL: |  1  2  3  4 |
---------------+-------------+-----
Long Blades    | 4 5 |  5.4
Fighting       | 4 |  4.4
Armour         | 3 |  3.8
Dodging        | |  2.8

Action                   |  1- 3 |  4- 6 || total
-------------------------+-------+-------++-------
Melee: Falchion          |    75 |    48 ||   123
       Headbutt          |    15 |     5 ||    20
  Eat: Chunk             |       |     2 ||     2
Armor: Chain mail        |    72 |    23 ||    95
       Animal skin       |     1 |       ||     1
Dodge: Dodged            |    42 |    23 ||    65
Block: Buckler           |     8 |     5 ||    13
       Rpst.: Falchion   |    12 |     6 ||    18
